 Dungeon Crawl Stone Soup version 0.19.1 (webtiles) character file.

25 Angani the Caller (level 2, -8/19 HPs)
             Began as a Mummy Summoner on Nov 30, 2016.
             Mangled by Sigmund
             ... wielding a +0 scythe
              (10 damage)
             ... on level 2 of the Dungeon.
             The game lasted 00:05:26 (6461 turns).

Angani the Caller (Mummy Summoner)                  Turns: 6461, Time: 00:05:26

Health: -8/19      AC:  2    Str: 11    XL:     2   Next: 86%
Magic:  1/6        EV: 12    Int: 14    God:
Gold:   77         SH:  0    Dex: 12    Spells: 2 memorised, 4 levels left

rFire  x . .     SeeInvis +     (no weapon)
rCold  + . .     Gourm    .     a - +0 robe
rNeg   + + +     Faith    .     (no shield)
rPois  ∞         Spirit   .     (no helmet)
rElec  .         Reflect  .     (no cloak)
rCorr  .         Harm     .     (no gloves)
MR     .....                    (no boots)
Stlth  +.........               (no amulet)
                                (no ring)
                                c - ring of see invisible

@: confused
A: no food or potions, fire vulnerability, cold resistance 1, negative energy
resistance 3, torment resistance, unbreathing
a: no special abilities


You were on level 2 of the Dungeon.
You were not hungry.

You visited 1 branch of the dungeon, and saw 2 of its levels.

You collected 77 gold pieces.

Inventory:

Armour
 a - a +0 robe (worn)
Jewellery
 c - a ring of see invisible (left hand)
Scrolls
 d - 5 scrolls of remove curse {unknown}
 e - a scroll of amnesia {unknown}
 f - a scroll of teleportation {unknown}
 g - a scroll of enchant armour {unknown}
 h - a scroll of identify {unknown}
 i - a scroll of fear {unknown}
Books
 b - a book of Callings

   Spells                             Type                      Level
   a - Summon Small Mammal            Summoning                    1
   b - Call Imp                       Summoning                    2
   c - Call Canine Familiar           Summoning                    3
   d - Summon Guardian Golem          Hexes/Summoning              3
   e - Summon Lightning Spire         Summoning/Air                4
   f - Summon Ice Beast               Ice/Summoning                4


   Skills:
 - Level 1.5 Dodging
 - Level 1.5 Stealth
 - Level 3.0 Spellcasting
 + Level 3.4 Summonings


You had 4 spell levels left.
You knew the following spells:

 Your Spells              Type           Power        Failure   Level  Hunger
a - Summon Small Mammal   Summ           ##..         6%          1    N/A
b - Call Imp              Summ           ##......     10%         2    N/A

Dungeon Overview and Level Annotations

Branches:
Dungeon (2/15)

Altars:

Annotations:
D:2 Sigmund


Innate Abilities, Weirdness & Mutations

You do not eat or drink.
Your flesh is vulnerable to fire.
You are immune to poison.
Your flesh is cold resistant. (rC+)
You are immune to negative energy. (rN+++)
You are immune to unholy pain and torment.
You can survive without breathing.


Message History

Your crimson imp appears confused.
Your crimson imp hits Sigmund but does no damage.
Sigmund gestures at you while chanting.
You are confused.
Sigmund hits something with a scythe!
Are you sure you want to stumble around while confused and next to your white imp?
Okay, then.
Unknown command.
Unknown command.
You can't eat.
Unknown command.
You can't drink.
You're too confused!
Sigmund gestures at you while chanting.
Your white imp resists with significant effort.
Your white imp disappears in a puff of smoke!
Sigmund completely misses you.
Sigmund hits you from afar with a scythe!
Ouch! That really hurt!
You die...

....##$......#...#..
#.....#...........
##.##.........$..#
###.#.............#
s................$.
....###..........#
..... #@#.......#
.... ###.§5...#.##
... #....@##.#.#
.......###..#...##
...## #.[.....# ..
###.....#.####### .
. .................
..
.....#..#.#######...
........#....####...
..................##
####...#####........


You could see Sigmund (invisible) and a friendly white imp.

Vanquished Creatures
  2 bats (D:1)
  A giant cockroach (D:1)
  A toadstool (D:1)
4 creatures vanquished.

Vanquished Creatures (collateral kills)
  A leopard gecko (D:2)
  5 bats
  3 giant cockroaches (D:1)
  3 goblins (D:1)
  2 hobgoblins
  4 jackals (D:2)
  2 kobolds
  A ball python (D:1)
  A frilled lizard (D:1)
  8 rats
  2 toadstools (D:1)
32 creatures vanquished.

Vanquished Creatures (others)
  A toadstool (D:1)
1 creature vanquished.

Grand Total: 37 creatures vanquished

Notes
Turn   | Place    | Note
-------+----------+-------------------------------------------
     0 | D:1      | Angani the Mummy Summoner began the quest for the Orb.
     0 | D:1      | Reached XP level 1. HP: 13/13 MP: 3/3
  1068 | D:1      | Reached XP level 2. HP: 19/19 MP: 1/5
  1893 | D:1      | Learned a level 2 spell: Call Imp
  6252 | D:1      | Noticed a shadow
  6445 | D:2      | Noticed Sigmund
  6461 | D:2      | Mangled by Sigmund

Skill      XL: |  1  2 |
---------------+-------+-----
Spellcasting   | 3 |  3.0
Dodging        | |  1.5
Stealth        | |  1.5
Summonings     | |  3.4

Action                   || total
-------------------------++-------
Melee: Unarmed           ||    39
 Cast: Summon Small Mamm ||    49
       Call Imp          ||    21
Armor: Robe              ||    22
Dodge: Dodged            ||    61
